 Dungeon Crawl Stone Soup version 0.32-a0-798-gfa783ce77f (webtiles) character file.

Game seed: 10264842338731375945

350 runewalsh the Conjurer (level 6, -9/36 HPs)
             Began as an Octopode Conjurer on Mar 21, 2024.
             Was a Follower of Vehumet.
             Mangled by a gargoyle
             ... wielding a +0 dire flail
              (26 damage)
             ... on level 5 of the Dungeon.
             The game lasted 00:08:00 (1577 turns).

runewalsh the Conjurer (Octopode Conjurer)          Turns: 1577, Time: 00:08:01

Health: -9/36      AC:  1    Str:  6    XL:     6   Next: 60%
Magic:  11/11      EV: 12    Int: 22    God:    Vehumet [*.....]
Gold:   192        SH:  0    Dex: 11    Spells: 4/11 levels left

rFire   . . .        w - +0 dagger
rCold   . . .        o - orb {*channel}
rNeg    . . .        (helmet restricted)
rPois   .            (no amulet)
rElec   .            (no ring)
rCorr   .            (no ring)
SInv    .            (no ring)
Will    .....        (no ring)
Stlth   +++          (no ring)
HPRegen 0.26/turn    (no ring)
MPRegen 0.12/turn    (no ring)
                     (no ring)

%: channel magic (20%)
@: about to teleport
A: almost no armour, amphibious, 8 rings, camouflage 1, gelatinous body 1,
(nimble swimmer 1), tentacles
a: Renounce Religion


You were on level 5 of the Dungeon.
You worshipped Vehumet.
Vehumet was aware of your devotion.
You visited 1 branch of the dungeon, and saw 5 of its levels.

You collected 192 gold pieces.

Inventory:

Hand Weapons
 q - the +7 quarterstaff of Xom's Felicitations {heavy, rF- rC+ rCorr Dex+2}
   (You found it on level 5 of the Dungeon)

   Dex+2:     It affects your dexterity (+2).
   rF-:       It makes you vulnerable to fire.
   rC+:       It protects you from cold.
   rCorr:     It protects you from acid and corrosion.
 w - a +0 dagger (weapon)
Armour
 o - an orb of energy (worn)
Jewellery
 n - an amulet of guardian spirit
Scrolls
 a - 5 scrolls of identify
 b - a scroll of revelation {unknown}
 c - 2 scrolls of butterflies {unknown}
 d - a scroll of noise
 g - 2 scrolls of enchant weapon {unknown}
 h - a scroll of enchant armour {unknown}
 t - 2 scrolls of teleportation
Potions
 e - a potion of magic
 f - a potion of ambrosia {unknown}
 i - a potion of curing
 j - a potion of mutation {unknown}
 l - 2 potions of heal wounds {unknown}
 m - 2 potions of enlightenment {unknown}
 p - a potion of brilliance {unknown}
 r - a potion of lignification {unknown}
 s - 2 potions of invisibility {unknown}


   Skills:
 - Level 2.0 Dodging
 - Level 2.6 Stealth
 + Level 3.3 Spellcasting
 * Level 5.7 Conjurations
 * Level 4.2 Alchemy


You had 4 spell levels left.
You knew the following spells:

 Your Spells              Type           Power      Damage    Failure   Level
a - Magic Dart            Conj           100%       1d8       5%          1
b - Searing Ray           Conj           56%        2d6       8%          2
y - Fulminant Prism       Conj/Alch      12%        3d9       34%         4

Your spell library contained the following spells:

 Spells                   Type           Power      Damage    Failure   Level
 Shock                    Conj/Air       64%        1d7       12%         1
 Momentum Strike          Conj/Tloc      32%        3d8       16%         2
 Blink                    Tloc           6%         N/A       38%         2
 Lesser Beckoning         Tloc           6%         N/A       38%         2
 Scorch                   Fire           6%         2d5       38%         2
 Flame Wave               Conj/Fire      16%        2d7       58%         4
 Iskenderun's Mystic Bla  Conj/Tloc      16%        2d5       58%         4
 Summon Cactus Giant      Summ           1%         N/A       100%        6


Dungeon Overview and Level Annotations

Branches:
Dungeon (5/15)
 Temple: D:4-7

Altars:
Cheibriados
Gozag
Kikubaaqudgha
Makhleb
Nemelex Xobeh
Sif Muna
Trog
Vehumet
Xom
Yredelemnul
The Shining One

Annotations:
D:5 4 runed translucent doors


Innate Abilities, Weirdness & Mutations

You cannot wear most types of armour.
You are amphibious.
You can wear up to eight rings at the same time.
Your skin changes colour to match your surroundings (Stealth+).
Your rubbery body absorbs attacks. (AC +1, EV +1)
((You are camouflaged when in or above water. (Stealth+)))
You have tentacles for arms and can constrict up to eight enemies at once.


Message History

k - 3 scrolls labelled COSOJIACOY (gained 1)
Okay, then.
Found a scroll labelled COSOJIACOY and a smoking quarterstaff.
Found 2 blue potions.
k - 4 scrolls labelled COSOJIACOY (gained 1)
You see here the +7 quarterstaff of Xom's Felicitations {heavy, rF- rC+ rCorr Dex+2}.
q - the +7 quarterstaff of Xom's Felicitations {heavy, rF- rC+ rCorr Dex+2}
r - a brown potion
s - 2 blue potions Search for what [? for help]? artefa You open the door.
There is an open door here.
As you read the scroll labelled NUIDWIM APUPIO, it crumbles to dust.
It is a scroll of identify.
d - a scroll of noise;
a - 5 scrolls of identify;
e - a potion of magic
Okay, then.
Unknown command.
As you read the scroll labelled COSOJIACOY, it crumbles to dust.
You feel strangely unstable.
It was a scroll of teleportation.
t - 3 scrolls of teleportation Your surroundings suddenly seem different.
A gargoyle, a yak and an adder come into view.
Found four items.
Found two runed doors.
As you read the scroll of teleportation, it crumbles to dust.
You feel strangely unstable.
The yak bellows!
The adder hisses angrily.
The adder closely misses you. The adder bites you.
The gargoyle hits you with a +0 dire flail!
The yak gores you.
* * * LOW HITPOINT WARNING * * *
The adder attacks as it pursues you! The adder barely misses you.
The gargoyle attacks as it pursues you! The gargoyle completely misses you.
The yak attacks as it pursues you! The yak gores you.
* * * LOW HITPOINT WARNING * * *
You see here 7 gold pieces.
It was a potion of curing.
You feel better. The adder bites you.
* * * LOW HITPOINT WARNING * * *
The gargoyle hits you with a +0 dire flail!!
Ouch! That really hurt!
You die...

... ##..
... ##
##++##
#..##ß..ß##
#B.#ß....ß#
#..#)9...?#
#..#@S...[#
#..#ßY...ß#
#. ##ß..ß##
# ##++##
.... .....
.....#
......


You could see a yak, a gargoyle, a bombardier beetle (asleep) and an adder.

Vanquished Creatures
  A scorpion (D:4)
  2 bombardier beetles (D:4)
  A hound (D:4)
  2 iguanas (D:4)
  6 gnolls (D:3)
  3 adders
  2 dart slugs
  2 ribbon worms (D:3)
  4 endoplasms
  3 giant cockroaches
  4 goblins
  3 hobgoblins
  2 quokkas (D:2)
  7 ball pythons
  2 bats
  7 frilled lizards
  3 kobolds
  9 rats
63 creatures vanquished.

Notes
Turn   | Place    | Note
-------+----------+-------------------------------------------
     0 | D:1      | runewalsh the Octopode Conjurer began the quest for the
                  | Orb.
     0 | D:1      | Reached XP level 1. HP: 11/11 MP: 3/3
   183 | D:1      | Reached XP level 2. HP: 17/17 MP: 1/5
   189 | D:1      | Learned a level 2 spell: Searing Ray
   214 | D:1      | Reached skill level 1 in Alchemy
   401 | D:2      | Reached XP level 3. HP: 21/21 MP: 2/6
   440 | D:2      | Found a faded altar of an unknown god.
   730 | D:3      | Found a glowing golden altar of the Shining One.
   730 | D:3      | Found a basalt altar of Yredelemnul.
   731 | D:3      | Found a radiant altar of Vehumet.
   736 | D:3      | Found a sparkling altar of Nemelex Xobeh.
   737 | D:3      | Found a shimmering altar of Xom.
   738 | D:3      | Found an ancient bone altar of Kikubaaqudgha.
   739 | D:3      | Became a worshipper of Vehumet
   741 | D:3      | Found a burning altar of Makhleb.
   741 | D:3      | Found an opulent altar of Gozag.
   744 | D:3      | Found a bloodstained altar of Trog.
   747 | D:3      | Found a snail-covered altar of Cheibriados.
   748 | D:3      | Found a shimmering blue altar of Sif Muna.
   768 | D:3      | Reached XP level 4. HP: 27/27 MP: 3/8
   885 | D:3      | Learned a level 4 spell: Fulminant Prism
  1002 | D:3      | Reached XP level 5. HP: 27/31 MP: 1/9
  1073 | D:4      | Reached skill level 5 in Conjurations
  1222 | D:4      | Reached XP level 6. HP: 36/36 MP: 5/10
  1463 | D:4      | Reached * piety under Vehumet
  1463 | D:4      | Offered knowledge of Shock by Vehumet.
  1524 | D:5      | Entered Level 5 of the Dungeon
  1554 | D:5      | Identified the +7 quarterstaff of Xom's Felicitations
                  | {heavy, rF- rC+ rCorr Dex+2}
  1574 | D:5      | Found a large runed translucent door.
  1574 | D:5      | Found a large runed translucent door.
  1574 | D:5      | Found a large runed translucent door.
  1574 | D:5      | Found a large runed translucent door.
  1574 | D:5      | Noticed a gargoyle
  1574 | D:5      | Noticed a yak
  1577 | D:5      | Mangled by a gargoyle

Illustrated notes

Levels and vault maps discovered:
D:1:      orjb1_lava_funnel, layout_rooms
D:2:      layout_loops_ring, shapermc_ecumenical_altar_mp_urbaneastern
D:3:      layout_loops_ring, nicolae_overflow_hallway_of_the_gods
D:4:      layout_loops_corners
D:5:      layout_basic, minmay_hollow_rounded_squares, uniq_duvessa

Skill      XL: |  1  2  3  4  5  6 |
---------------+-------------------+-----
Alchemy        | 1 2 3 4 |  4.2
Spellcasting   | 3 |  3.3
Conjurations   | 5 |  5.7
Dodging        | |  2.0
Stealth        | |  2.6

Action                     |  1- 3 |  4- 6 || total
---------------------------+-------+-------++-------
  Melee: Unarmed           |    15 |       ||    15
         Constrict         |    13 |     8 ||    21
         Tentacles         |     7 |     8 ||    15
         Dagger            |    13 |    19 ||    32
   Cast: Magic Dart        |    52 |    66 ||   118
    Use: Scroll            |       |     3 ||     3
         Potion            |       |     1 ||     1
   Stab: Sleeping          |     1 |       ||     1
 Armour: Skin              |    15 |    17 ||    32
  Dodge: Dodged            |    18 |    18 ||    36

Table legend: (Time is in decaauts)
 A = Elapsed time spent in this place.
 B = Non-inter-level travel time spent in this place.
 C = Inter-level travel time spent in this place.
 D = Time resting spent in this place.
 E = Time spent auto-exploring this place.
 F = Levels seen in this place.
 G = Mean time per level.
                   A        B        C        D        E       F      G
               +--------+--------+--------+--------+--------+-----+--------+
         Total |   1575 |   1560 |     15 |      0 |      0 |   5 |  315.0 |
       Dungeon |   1575 |   1560 |     15 |      0 |      0 |   5 |  315.0 |
               +--------+--------+--------+--------+--------+-----+--------+

Top non-repeatable levels by time:
     D:4: 547 daAuts
     D:3: 358 daAuts
     D:2: 325 daAuts
     D:1: 291 daAuts
     D:5: 52 daAuts
